 Dungeon Crawl Stone Soup version 0.16.1-16-gc44b35d (webtiles) character file.

3115 Zwobot the Basher (level 9, -1/73 (75) HPs)
             Began as a Demigod Wanderer on Apr 17, 2015.
             Slain by a killer bee (6 damage)
             ... on level 6 of the Dungeon.
             The game lasted 00:37:23 (11680 turns).

Zwobot the Basher (Demigod Wanderer)               Turns: 11680, Time: 00:37:23

HP:   -1/73 (75)    AC:  9    Str: 19    XL:     9   Next: 34%
MP:   21/21         EV: 10    Int: 21    God:
Gold: 391           SH:  0    Dex: 12    Spells: 2 memorised, 12 levels left

rFire  + . .     SeeInvis .     a - +0 morningstar
rCold  . . .     Clarity  .     g - +1 ring mail {rF+}
rNeg   . . .     SustAb   +     (no shield)
rPois  .         Gourm    .     s - +0 helmet
rElec  .         Spirit   .     (no cloak)
rCorr  .         Warding  .     (no gloves)
rMut   .         Stasis   .     l - +0 pair of boots
MR     .....                    (no amulet)
Stlth  +.........               (no ring)
                                (no ring)

@: not resistant to hostile enchantments, very unstealthy
A: sustain abilities
a: no special abilities


You were on level 6 of the Dungeon.
You were not hungry.

You visited 1 branch of the dungeon, and saw 7 of its levels.
You also visited: Bailey.

You collected 391 gold pieces.

Inventory:

Hand weapons
 a - a +0 morningstar (weapon)
 b - a +0 arbalest
 f - a +0 morningstar
 j - a +0 whip
 k - a +1 dagger of venom
 m - a +0 flail
 y - a +0 whip
 A - a +0 great sword
 E - a +0 flail
 G - a +0 flail
 L - a +0 mace
 R - a +1 dagger of venom
Missiles
 n - 10 poisoned needles
 C - 3 needles of slowing
 Y - 30 bolts
Armour
 g - a +1 ring mail of fire resistance (worn)
 l - a +0 pair of boots (worn)
 q - a +0 ice dragon armour
 s - a +0 helmet (worn)
 H - a +0 chain mail
 J - a fire dragon hide
Jewellery
 B - an uncursed ring of ice
 P - an uncursed ring of teleportation
Magical devices
 h - a wand of slowing (22)
 o - a wand of paralysis (0)
 w - a wand of flame (3)
 N - a wand of digging (11)
 S - a wand of heal wounds (4)
 X - a wand of digging (2)
Scrolls
 c - 2 scrolls of teleportation
 d - a scroll of identify
 p - a scroll of random uselessness
 u - 4 scrolls of remove curse
 D - 3 scrolls of immolation {unknown}
 F - 2 scrolls of fear {unknown}
 M - a scroll of enchant weapon {unknown}
 U - 2 scrolls of amnesia
Potions
 e - a potion of magic
 v - a potion of restore abilities {unknown}
 x - a potion of flight {unknown}
 z - a potion of agility {unknown}
 I - 3 potions of cancellation {berserk}
 K - 2 potions of brilliance {unknown}
 Q - a potion of berserk rage {unknown}
 V - 2 potions of invisibility {unknown}
 W - 4 potions of mutation {unknown}
 Z - a potion of haste
Books
 r - Lehudib's Volume of Igneous Confrontation

   Spells                             Type                      Level
   a - Flame Tongue                   Conjuration/Fire             1
   b - Throw Flame                    Conjuration/Fire             2
 O - a book of Battle

   Spells                             Type                      Level
   a - Infusion                       Charms                       1
   b - Shroud of Golubria             Charms/Translocation         2
   c - Song of Slaying                Charms                       2
   d - Spectral Weapon                Hexes/Charms                 3
   e - Regeneration                   Charms/Necromancy            3
Comestibles
 i - 6 chunks of flesh
 t - 2 meat rations


   Skills:
 + Level 5.7 Fighting
 * Level 8.4 Maces & Flails
 + Level 6.0 Armour
 - Level 1.0 Stealth
 - Level 3.6 Spellcasting
   Level 1.0 Hexes
 - Level 2.7 Charms
   Level 1.0 Necromancy
   Level 1.0 Transmutations
 - Level 1.0 Evocations


You had 12 spell levels left.
You knew the following spells:

 Your Spells              Type           Power        Failure   Level  Hunger
a - Infusion              Chrm           ###...       10%         1    None
b - Shroud of Golubria    Chrm/Tloc      #.........   21%         2    ##.....


Dungeon Overview and Level Annotations

Branches:
Dungeon (7/15)             Temple (0/1) D:5

Annotations:
D:5 ventricule's ghost, experienced FoCK


Innate Abilities, Weirdness & Mutations

Your attributes are resistant to harm.


Message History

You are more poisoned.
The killer bee poisons you! The killer bee stings you.
* * * LOW HITPOINT WARNING * * *
You barely miss the killer bee.
* * * LOW HITPOINT WARNING * * *
You feel sick. The killer bee misses you. The killer bee stings you.
* * * LOW HITPOINT WARNING * * *
The killer bee stings you.
* * * LOW HITPOINT WARNING * * *
Unknown command.
Drink which item? (? for menu, Esc to quit)
You feel better.
The killer bee stings you but does no damage.
The killer bee closely misses you.
You barely miss the killer bee. The killer bee barely misses you.
The killer bee barely misses you.
You completely miss the killer bee. The killer bee stings you!
* * * LOW HITPOINT WARNING * * *
The killer bee stings you.
You die...

#..# #...###..#
##.....[...# #..#
#[..###..# #..#########
#..# #....##..#####..#
##..#####...#.........#
##....#
##............#########
##...###
##......#####.....<..#
...### #.....##
#.#####..# ...# ###>.y#
#.# #..# ..## ##@.# #.#
##.# ...## #..# #.# #.#
###.## ##..# #.# ##.# #
##.## ##..## #.## #..#
# ##.## ##..##
##.####..# # ##.##
##..## ##..#...# #
##..# ##..## ##....## #
###...###..## ######
###...####..##


You could see a killer bee.

Vanquished Creatures
  A two-headed ogre (D:6)
  Grinder (D:5)
  Eustachio (D:5)
  Edmund (D:6)
  2 ice beasts
  A sky beast (D:5)
  An orc warrior (Bailey)
  3 ogres
  A centaur (D:5)
  A necrophage (D:5)
  Duvessa (D:6)
  A giant frog (D:4)
  Blork the orc (D:6)
  2 killer bees
  2 scorpions
  A quasit (D:7)
  2 crimson imps (D:5)
  A goliath beetle (D:6)
  Dowan (D:6)
  A jelly (D:5)
  3 orc priests
  5 hounds
  2 iguanas (D:4)
  7 orc wizards
  A giant frog skeleton (D:6)
  A centaur skeleton (D:7)
  7 worker ants
  2 hound zombies
  A hound skeleton (D:4)
  A worker ant zombie (D:6)
  7 gnolls
  12 adders
  A giant mite (D:7)
  A worm (D:3)
  A shadow imp (D:6)
  An adder skeleton (D:5)
  An adder zombie (D:6)
  An ooze (D:6)
  38 orcs
  2 ball pythons
  12 hobgoblins
  2 quokkas
  8 bats
  3 giant cockroaches (D:1)
  2 giant geckos
  5 giant newts
  14 goblins
  10 jackals
  A jackal skeleton (D:4)
  17 kobolds
  A quokka zombie (D:5)
  15 rats
  2 ballistomycetes (D:6)
213 creatures vanquished.

Vanquished Creatures (others)
  2 giant spores (D:6)
2 creatures vanquished.

Grand Total: 215 creatures vanquished

Notes
Turn   | Place    | Note
--------------------------------------------------------------
     0 | D:1      | Zwobot, the Demigod Wanderer, began the quest for the Orb.
     0 | D:1      | Zwobot set off with: a book of Battle, Lehudib's Volume of Igneous Confrontation, a scroll of teleportation, a +0 robe, a +0 club, a bread ration
     0 | D:1      | Reached XP level 1. HP: 14/14 MP: 5/5
     0 | D:1      | Identified Lehudib's Volume of Igneous Confrontation
     2 | D:1      | Learned a level 1 spell: Infusion
   456 | D:1      | Reached XP level 2. HP: 11/20 MP: 7/7
   856 | D:1      | Reached skill level 1 in Maces & Flails
   868 | D:1      | Learned a level 2 spell: Shroud of Golubria
  1546 | D:2      | Reached skill level 1 in Fighting
  1546 | D:2      | Reached XP level 3. HP: 15/28 MP: 0/10
  2102 | D:2      | Reached skill level 1 in Armour
  2311 | D:2      | Reached XP level 4. HP: 35/35 MP: 13/13
  2906 | D:3      | Found a shattered altar of Ashenzari.
  3388 | D:3      | Reached XP level 5. HP: 14/41 MP: 14/14
  4595 | D:4      | Reached XP level 6. HP: 31/48 MP: 17/17
  4790 | D:4      | Noticed an ogre
  4829 | D:4      | Killed an ogre
  5092 | D:4      | Reached skill level 4 in Maces & Flails
  5764 | D:4      | Found a shattered altar of Ashenzari.
  5944 | D:4      | Reached XP level 7. HP: 49/57 MP: 19/19
  6035 | D:5      | Entered Level 5 of the Dungeon
  6336 | D:5      | Reached skill level 5 in Maces & Flails
  6571 | D:5      | Noticed Eustachio
  6738 | D:5      | Killed Eustachio
  6833 | D:5      | Noticed ventricule's ghost (experienced FoCK)
  6864 | D:5      | Noticed Grinder
  6875 | D:5      | Killed Grinder
  6875 | D:5      | Reached XP level 8. HP: 64/66 MP: 20/20
  6911 | D:5      | Found a staircase to the Ecumenical Temple.
  6919 | D:5      | Reached skill level 6 in Maces & Flails
  7767 | D:5      | Found an ancient bone altar of Kikubaaqudgha.
  8008 | D:5      | Reached skill level 5 in Armour
  8353 | D:6      | Reached skill level 7 in Maces & Flails
  8495 | D:6      | Found a bloodstained altar of Trog.
  8632 | D:6      | Found a blossoming altar of Fedhas.
  9121 | D:6      | Noticed a two-headed ogre
  9128 | D:6      | Killed a two-headed ogre
  9146 | D:6      | Noticed Edmund
  9177 | D:6      | Killed Edmund
  9177 | D:6      | Reached skill level 5 in Fighting
  9417 | D:6      | Noticed Blork the orc
  9426 | D:6      | Killed Blork the orc
  9426 | D:6      | Reached XP level 9. HP: 49/72 MP: 21/21
  9566 | D:6      | Noticed Dowan
  9568 | D:6      | Noticed Duvessa
  9582 | D:6      | Killed Dowan
  9664 | D:6      | Killed Duvessa
 10363 | D:6      | Found a deep blue altar of Sif Muna.
 10477 | D:7      | Found a flagged portal.
 10586 | Bailey   | Entered a bailey
 10771 | Bailey   | Reached skill level 8 in Maces & Flails
 10795 | Bailey   | HP: 2/72 [orc warrior/bolt (25)]
 11677 | D:6      | HP: 2/73 [killer bee (4)]
 11680 | D:6      | Slain by a killer bee

Action                   |  1- 3 |  4- 6 |  7- 9 || total
-------------------------+-------+-------+-------++-------
Melee: Club              |   278 |       |       ||   278
       Whip              |       |   247 |       ||   247
       Flail             |       |   148 |   247 ||   395
       Morningstar       |       |       |   291 ||   291
 Fire: Arbalest          |       |       |    13 ||    13
Throw: Throwing net      |       |     2 |       ||     2
 Cast: Infusion          |     4 |     2 |       ||     6
       Shroud of Golubri |     8 |     8 |       ||    16
Evoke: Wand              |       |     2 |     8 ||    10
  Use: Scroll            |     3 |     6 |     5 ||    14
       Potion            |     1 |     3 |     7 ||    11
 Stab: Paralysed         |       |     4 |     3 ||     7
       Held in net/web   |       |     1 |       ||     1
  Eat: Chunk             |     5 |     6 |    10 ||    21
       Bread ration      |       |     2 |     1 ||     3
       Royal jelly       |       |       |     1 ||     1
       Beef jerky        |       |       |     1 ||     1
